details: 'ggs'

« prev index next »

General information

Mini Map

Players

team 1
Undeadduessues (yellow | 139 APM | 4678 actions | 33:35)
Hero icon 5 Death Knight
Ability icon 2 Death Coil
Ability icon 3 Unholy Aura
Hero icon 5 Lich
Ability icon 3 Frost Nova
Ability icon 2 Frost Armor
Hero icon 3 Pandaren Brewmaster
Ability icon 2 Breath of Fire
Ability icon 1 Drunken Brawler

» actions
Assign group hotkey22
Basic commands131
Build / train61
ESC pressed3
Enter build submenu28
Enter hero's abilities submenu13
Give item / drop item4
Right click2226
Select / deselect273
Select group hotkey1820
Use ability97
4678 total
» units
Acolyte7
Ghoul3
Crypt Fiend6
Frost Wyrm8
24 total
» upgrades
Web1
Creature Attack3
Creature Carapace3
7 total
» buildings
Crypt1
Altar of Darkness1
Graveyard1
Ziggurat14
Spirit Tower5
Tomb of Relics2
Halls of the Dead1
Black Citadel1
Sacrificial Pit1
Boneyard3
Nerubian Tower1
Necropolis1
32 total
» build order
00:15 Crypt
00:19 Altar of Darkness
00:43 Graveyard
01:07 Ziggurat
01:30 Ziggurat
02:26 Spirit Tower
03:08 Spirit Tower
03:26 Tomb of Relics
04:23 Halls of the Dead
05:53 Ziggurat
05:56 Ziggurat
06:41 Ziggurat
06:45 Black Citadel
06:49 Sacrificial Pit
09:10 Boneyard
09:12 Boneyard
09:16 Boneyard
10:36 Ziggurat
11:00 Ziggurat
16:30 Ziggurat
16:32 Ziggurat
16:45 Spirit Tower
16:48 Nerubian Tower
23:35 Necropolis
24:29 Ziggurat
24:31 Ziggurat
24:31 Ziggurat
26:13 Ziggurat
26:28 Ziggurat
28:12 Tomb of Relics
30:17 Spirit Tower
30:18 Spirit Tower
» items
Scroll of Town Portal2
Potion of Mana3
Potion of Healing1
6 total
team 2
Random» HumanBigJonnyC. (red | 65 APM | 2195 actions | 33:33)
Hero icon 5 Archmage
Ability icon 3 Summon Water Elemental
Ability icon 2 Brilliance Aura
Hero icon 4 Paladin
Ability icon 2 Holy Light
Ability icon 2 Divine Shield
Hero icon 2 Mountain King
Ability icon 1 Storm Bolt
Ability icon 1 Bash

» actions
Assign group hotkey35
Build / train112
Enter build submenu28
Enter hero's abilities submenu11
Give item / drop item2
Remove unit from queue10
Right click1082
Select / deselect739
Select group hotkey90
Use ability85
2195 total
» units
Peasant12
Footman3
Rifleman16
Knight2
Priest6
Sorceress6
Flying Machine20
65 total
» upgrades
Gunpowder3
Long Rifles1
Priest Training2
Animal War Training1
Lumber Harvesting2
Armor3
Fragmentation Shards0
Flare0
Barrage1
Plating2
Flak Cannons1
Flying Machine Bombs1
17 total
» buildings
Altar of Kings1
Barracks2
Farm11
Keep1
Blacksmith1
Lumber Mill1
Arcane Vault1
Castle1
Arcane Sanctum1
Town Hall3
Workshop2
25 total
» build order
00:03 Altar of Kings
00:08 Barracks
00:11 Farm
01:18 Farm
02:02 Farm
02:57 Keep
03:17 Blacksmith
03:25 Lumber Mill
03:29 Farm
03:44 Arcane Vault
04:08 Farm
05:17 Barracks
05:23 Farm
06:18 Castle
07:28 Arcane Sanctum
09:29 Farm
11:12 Town Hall
13:10 Farm
14:16 Town Hall
17:07 Town Hall
18:29 Workshop
21:45 Workshop
21:58 Farm
22:49 Farm
29:26 Farm
» items
Orb of Fire1
Potion of Healing1
Scroll of Town Portal2
4 total